 Dungeon Crawl Stone Soup version 0.31.0-12-g77e489cdc1 (webtiles) character file.

Game seed: 1037753251048655149

1063 hawla the Ducker (level 8, 0/67 (68) HPs)
             Began as a Minotaur Fighter on Feb 17, 2024.
             Slain by a water moccasin (4 damage)
             ... on level 6 of the Dungeon.
             The game lasted 00:08:48 (4550 turns).

hawla the Ducker (Minotaur Fighter)                 Turns: 4550, Time: 00:08:50

HP:   0/67 (68)     AC: 10    Str: 24    XL:     8   Next: 6%
MP:   7/7           EV:  9    Int:  5    God:
Gold: 271           SH:  8    Dex:  9    Spells: 7/7 levels left

rFire   . . .        a - +0 war axe
rCold   . . .        j - +0 kite shield
rNeg    + . .        y - +0 chain mail
rPois   .            (helmet restricted)
rElec   .            (no cloak)
rCorr   .            (no gloves)
SInv    .            b - +0 pair of boots
Will    .....        (no amulet) Stlth
                     e - ring of positive energy
HPRegen 0.31/turn    (no ring)
MPRegen 0.10/turn

%: no passive effects
@: lightly drained
A: horns 2, retaliatory headbutt
a: no special abilities


You were on level 6 of the Dungeon.
You visited 1 branch of the dungeon, and saw 6 of its levels.

You collected 271 gold pieces.

Inventory:

Hand Weapons
 a - a +0 war axe (weapon)
Missiles
 r - 12 poisoned darts (quivered)
 z - a curare-tipped dart
Armour
 b - a +0 pair of boots (worn)
 j - a +0 kite shield (worn)
 y - a +0 chain mail (worn)
Jewellery
 e - a ring of positive energy (left hand)
Wands
 k - a wand of quicksilver (15)
 p - a wand of flame (13)
 t - a wand of polymorph (4)
 u - a wand of roots (9)
Scrolls
 i - 2 scrolls of poison
 n - 3 scrolls of teleportation
 v - a scroll of fear
 x - a scroll of enchant weapon {unknown}
Potions
 c - 4 potions of haste
 d - a potion of might
 f - a potion of cancellation {unknown}
 g - a potion of resistance {unknown}
 h - a potion of curing
 l - a potion of berserk rage {unknown}
 m - a potion of attraction {unknown}
 o - a potion of lignification {unknown}
 q - a potion of enlightenment {unknown}
 s - 2 potions of degeneration {unknown}
 w - a potion of brilliance {unknown}


   Skills:
 - Level 5.0 Fighting
 - Level 2.4 Axes
 + Level 5.2 Throwing
 - Level 3.6 Armour
 + Level 5.7 Dodging
 - Level 5.0 Shields
 - Level 3.0 Evocations


You had 7 spell levels left.
You didn't know any spells.
Your spell library was empty.

Dungeon Overview and Level Annotations

Branches:
Dungeon (6/15)
 Temple: D:4-7

Altars:
Cheibriados
Makhleb
Okawaru

Annotations:
D:6 3 runed translucent doors, Consumeair16's ghost, novice GnFi


Innate Abilities, Weirdness & Mutations

You have a pair of horns on your head.
You reflexively headbutt those who attack you in melee.


Message History

Your headbutt misses the steam dragon.
The steam dragon is severely wounded.
You slash the water moccasin! You hit the centaur.
You block the centaur's attack.
The centaur kicks you but does no damage.
The water moccasin barely misses you. You furiously retaliate!
You headbutt the water moccasin! You block the centaur's attack. x2
The steam dragon barely misses you.
The steam dragon claws you but does no damage.
The water moccasin closely misses you. You furiously retaliate!
You headbutt the water moccasin. You closely miss the steam dragon.
You headbutt the steam dragon!
The steam dragon is almost dead.
You slash the water moccasin! You slash the centaur!
The centaur hits you but does no damage.
You partially resist. The centaur barely misses you.
The water moccasin closely misses you. You furiously retaliate!
You headbutt the water moccasin, but do no damage.
You block the centaur's attack.
The centaur kicks you but does no damage.
The steam dragon breathes steam at you. The ball of steam hits you!
* * * LOW HITPOINT WARNING * * *
The water moccasin barely misses you. The centaur barely misses you.
The centaur kicks you but does no damage.
The steam dragon bites you but does no damage.
The steam dragon claws you but does no damage.
You barely miss the water moccasin.
Your headbutt misses the water moccasin.
The water moccasin is almost dead.
You hit the centaur. You closely miss the steam dragon.
You are engulfed in a cloud of scalding steam.
* * * LOW HITPOINT WARNING * * *
You block the centaur's attack. x2
The water moccasin bites you but does no damage.
The steam dragon breathes steam at you. The ball of steam misses you.
You block the centaur's attack.
The centaur kicks you but does no damage.
The water moccasin bites you.
You die...

#...# #...# .. #...# ..
#...# #.#### #...#
#.#..######
#...######..........
####........##........ .
..............#..c##....
..............§§@D...#
...........§.§..S##.....
####...####.#.......#..#
###........#....##.# .
#..........#...... ..
#.#...#.##.#.....#. #.
#.#...#.##.####..# .
#.#.....##[# ....
#.#...#.#...


You could see a steam dragon (catching breath), a water moccasin and a centaur.

Vanquished Creatures
  2 ice beasts (D:6)
  A black bear (D:5)
  2 lemures (D:6)
  A kobold brigand (D:6)
  2 scorpions
  A howler monkey (D:6)
  An orc priest (D:5)
  A jelly (D:6)
  6 hounds
  An iguana (D:6)
  2 sleepcaps (D:6)
  Ijyb (D:5)
  An orc wizard (D:5)
  8 adders
  2 ufetubi (D:6)
  A ribbon worm (D:2)
  8 dart slugs
  6 orcs (D:5)
  8 endoplasms
  2 giant cockroaches
  3 goblins
  13 hobgoblins
  4 jackals
  5 quokkas
  6 ball pythons (D:2)
  A bat (D:3)
  4 frilled lizards
  13 kobolds
  9 rats
115 creatures vanquished.

Notes
Turn   | Place    | Note
-------+----------+-------------------------------------------
     0 | D:1      | hawla the Minotaur Fighter began the quest for the Orb.
     0 | D:1      | Reached XP level 1. HP: 19/19 MP: 0/0
   123 | D:1      | Reached XP level 2. HP: 27/27 MP: 1/1
   546 | D:1      | Found a faded altar of an unknown god.
   546 | D:1      | Noticed a reaper
   981 | D:2      | Reached XP level 3. HP: 29/33 MP: 2/2
  1045 | D:2      | Reached skill level 5 in Shields
  1356 | D:2      | Reached skill level 1 in Evocations
  1667 | D:3      | Reached XP level 4. HP: 41/41 MP: 3/3
  2305 | D:4      | Noticed a scorpion
  2527 | D:4      | Reached XP level 5. HP: 28/47 MP: 4/4
  2713 | D:4      | Reached skill level 5 in Fighting
  2792 | D:4      | Reached skill level 1 in Throwing
  2792 | D:4      | Reached skill level 1 in Dodging
  2903 | D:5      | Entered Level 5 of the Dungeon
  2939 | D:5      | Found a snail-covered altar of Cheibriados.
  2949 | D:5      | Found an iron altar of Okawaru.
  3002 | D:5      | Noticed Ijyb
  3003 | D:5      | Noticed a black bear
  3008 | D:5      | Reached XP level 6. HP: 49/56 MP: 5/5
  3020 | D:5      | Killed Ijyb
  3504 | D:5      | Found a burning altar of Makhleb.
  3616 | D:5      | Reached XP level 7. HP: 61/61 MP: 6/6
  3790 | D:6      | Identified the +0 robe of Defence {Harm}
  3823 | D:6      | Found a runed translucent gate.
  3823 | D:6      | Noticed Consumeair16's ghost (novice GnFi)
  3862 | D:6      | Identified the +2 chain mail "Untela" {+Blink}
  3862 | D:6      | Found a runed translucent gate.
  3863 | D:6      | Found a runed translucent gate.
  4035 | D:6      | Reached skill level 5 in Dodging
  4175 | D:6      | Noticed a steam dragon
  4348 | D:6      | Reached skill level 5 in Throwing
  4360 | D:6      | Reached XP level 8. HP: 49/68 MP: 7/7
  4550 | D:6      | HP: 3/67 [steam dragon] (9)]
  4550 | D:6      | Slain by a water moccasin

Illustrated notes

Levels and vault maps discovered:
D:1:      elethiomel_arrival_quiet, layout_basic,
          dreamdust_ecumenical_altar_sealed_demon, minmay_nonomino_d4
D:2:      layout_basic
D:3:      layout_rooms, minmay_pentangle
D:4:      layout_cave_pools
D:5:      layout_loops_cross, mainiacjoe_overflow_chevrons,
          amethyst_overflow_temple_binary, uniq_ijyb
D:6:      layout_loops_cross, nzn_wu_jian_council_hall,
          minmay_temple_entry_ruins, biasface_ghost_orc_armoury, uniq_pikel

Skill      XL: |  1  2  3  4  5  6  7 |
---------------+----------------------+-----
Fighting       | 4 5 |  5.0
Shields        | 4 5 |  5.0
Evocations     | 1 2 3 |  3.0
Throwing       | 1 3 5 |  5.2
Dodging        | 1 3 5 |  5.7
Axes           | |  2.4
Armour         | |  3.6

Action                     |  1- 3 |  4- 6 |  7- 9 || total
---------------------------+-------+-------+-------++-------
  Melee: War axe           |    81 |   135 |    78 ||   294
         Headbutt          |    12 |    13 |    13 ||    38
         Unarmed           |       |     8 |       ||     8
  Evoke: Wand              |       |       |     1 ||     1
    Use: Scroll            |       |     6 |     1 ||     7
         Potion            |       |     1 |     1 ||     2
 Armour: Scale mail        |    40 |   130 |       ||   170
         Skin              |       |     2 |       ||     2
         Chain mail        |       |       |    95 ||    95
  Dodge: Dodged            |    19 |    65 |    44 ||   128
  Block: Buckler           |     2 |       |       ||     2
         Kite shield       |    29 |    88 |    54 ||   171
